 Dungeon Crawl Stone Soup version 0.21.1-1-g345015f (webtiles) character file.

43 maniek23 the Sneak (level 3, 0/24 HPs)
             Began as a Vampire Enchanter on Feb 25, 2018.
             Was an Initiate of Ru.
             Slain by a kobold
             ... wielding a +0 short sword
              (7 damage)
             ... on level 2 of the Dungeon.
             The game lasted 00:07:04 (1852 turns).

maniek23 the Sneak (Vampire Enchanter)              Turns: 1852, Time: 00:07:05

Health: 0/24       AC:  2    Str:  7    XL:     3   Next: 37%
Magic:  6/6        EV: 13    Int: 17    God:    Ru [......]
Gold:   124        SH:  0    Dex: 15    Spells: 5/6 levels left

rFire    . . .     SeeInvis +   a - +1 dagger
rCold    + . .     Gourm    .   (no shield)
rNeg     + + .     Faith    .   b - +0 robe
rPois    +         Spirit   .   (no helmet)
rElec    .         Reflect  .   (no cloak)
rCorr    .         Harm     .   (no gloves)
MR       .....                  (no boots)
Stlth    ++++......             (no amulet)
HPRegen  0.04/turn              (no ring)
MPRegen  0.10/turn              (no ring)

@: regenerating slowly
A: fangs 3, see invisible, unbreathing
a: Bat Form, Renounce Religion


You were on level 2 of the Dungeon.
You worshipped Ru.
Ru was noncommittal.
You were very thirsty.

You visited 1 branch of the dungeon, and saw 2 of its levels.

You collected 124 gold pieces.

Inventory:

Hand Weapons
 a - a +1 dagger (weapon)
Armour
 b - a +0 robe (worn)
 o - a +0 leather armour
Wands
 m - a wand of polymorph (19)
Scrolls
 e - 2 scrolls of amnesia {unknown}
 h - 3 scrolls of remove curse {unknown}
 i - a scroll of enchant armour {unknown}
 j - a scroll of noise {unknown}
 k - a scroll of fog {unknown}
 l - 3 scrolls of identify {unknown}
 n - a scroll of immolation {unknown}
Potions
 d - 6 potions of blood
 f - 2 potions of brilliance {unknown}
 g - 3 potions of ambrosia {unknown}
Books
 c - a book of Maledictions

   Spells                             Type                      Level
   a - Corona                         Hexes                        1
   b - Ensorcelled Hibernation        Hexes/Ice                    2
   c - Confuse                        Hexes                        3
   d - Tukima's Dance                 Hexes                        3
   e - Dazzling Spray                 Conjuration/Hexes            3


   Skills:
 * Level 2.0 Short Blades
 + Level 2.6 Dodging
 * Level 4.9 Stealth
 + Level 2.3 Spellcasting
 * Level 4.9 Hexes


You had 5 spell levels left.
You knew the following spells:

 Your Spells              Type           Power        Failure   Level  Hunger
a - Corona                Hex            ###....      2%          1    #......


Dungeon Overview and Level Annotations

Branches:
Dungeon (2/15)

Altars:
Ru


Innate Abilities, Weirdness & Mutations

You heal slowly.
You have razor-sharp teeth.
You have supernaturally acute eyesight. (SInv)
You can survive without breathing.


Message History

You kill the kobold!
The kobold throws a stone.
The stone hits you. The kobold hits you with a short sword.
Things that are here:
a dagger; a kobold corpse You are too injured to fight recklessly!
You are too injured to fight recklessly!
You are too injured to fight recklessly!
You barely miss the kobold. You bite the kobold.
You draw the kobold's blood!
You feel better.
You feel slightly less thirsty.
The kobold is moderately wounded.
The kobold hits you with a short sword.
* * * LOW HITPOINT WARNING * * *
You hit the kobold but do no damage.
The kobold is moderately wounded.
The kobold closely misses you.
You hit the kobold.
The kobold is severely wounded.
The kobold hits you with a short sword!
You die...

#.#.##..# #.# #.#......
#.#
#.####...##############.#
#.# #...............##.#
#.#
#.#.####..#####.##.######
#.#.####..# #..........
#.....!# ##...######
#.####(## #.### #@# #.#
#K#.# #.# ..# #.. ..#
..>. ##.. ..# #... ....#
##.. ...# ## .....


You could see a kobold.

Vanquished Creatures
  An adder (D:2)
  A worm (D:2)
  2 dart slugs (D:1)
  A leopard gecko (D:2)
  A ball python (D:2)
  A bat (D:1)
  3 giant cockroaches
  3 goblins (D:1)
  3 hobgoblins (D:2)
  A quokka (D:2)
  3 frilled lizards
  4 kobolds
  2 rats
26 creatures vanquished.

Notes
Turn   | Place    | Note
-------+----------+-------------------------------------------
     0 | D:1      | maniek23 the Vampire Enchanter began the quest for the Orb.
     0 | D:1      | Reached XP level 1. HP: 13/13 MP: 3/3
   443 | D:1      | Reached XP level 2. HP: 18/19 MP: 5/5
   819 | D:2      | Reached XP level 3. HP: 13/24 MP: 6/6
   885 | D:2      | Found a sacrificial altar of Ru.
   894 | D:2      | Became a worshipper of Ru the Awakened
  1852 | D:2      | Slain by a kobold

Skill      XL: |  1  2  3 |
---------------+----------+-----
Short Blades   | 2 |  2.0
Dodging        | |  2.6
Stealth        | |  4.9
Spellcasting   | |  2.3
Hexes          | |  4.9

Action                   || total
-------------------------++-------
Melee: Dagger            ||   127
       Bite              ||     9
  Use: Potion            ||     1
 Stab: Sleeping          ||     8
Armor: Robe              ||    14
Dodge: Dodged            ||    62
